 Dungeon Crawl Stone Soup version 0.31-a0-851-g7ff8af7976 (webtiles) character file.

Game seed: 16902326314492458927

603 Descartes the Chucker (level 7, -11/68 HPs)
             Began as a Troll Brigand on Oct 6, 2023.
             Mangled by GreedOfGod's ghost (13 damage)
             ... on level 4 of the Dungeon.
             The game lasted 00:05:04 (3413 turns).

Descartes the Chucker (Troll Brigand)               Turns: 3413, Time: 00:05:05

Health: -11/68     AC:  4    Str: 22    XL:     7   Next: 18%
Magic:  6/6        EV:  9    Int:  7    God:
Gold:   225        SH:  0    Dex: 11    Spells: 6/6 levels left

rFire   . . .        t - +2 dagger (venom)
rCold   . . .        (no shield)
rNeg    . . .        b - +0 robe
rPois   .            (helmet currently unavailable)
rElec   .            x - melded +2 cloak
rCorr   .            (gloves unavailable)
SInv    .            (boots unavailable)
Will    .....        (no amulet)
Stlth   ++           (no ring)
HPRegen 1.11/turn    (no ring)
MPRegen 0.10/turn

%: no passive effects
@: beast-form
A: beast (slay +1), large, unfitting armour, claws 3, regeneration 1, shaggy fur
1, tough skin 1
a: Begin Untransformation


You were on level 4 of the Dungeon.
You were a hulking beast.
You visited 1 branch of the dungeon, and saw 4 of its levels.

You collected 225 gold pieces.

Inventory:

Hand Weapons
 t - a +2 dagger of venom (weapon)
Missiles
 a - 3 javelins
 d - 14 poisoned darts (quivered)
 e - 7 curare-tipped darts
 h - 22 stones
Armour
 b - a +0 robe (worn)
 x - a +2 cloak (melded)
Talismans
 v - a beast talisman (active)
Wands
 r - a wand of flame (1)
Scrolls
 c - a scroll of enchant armour {unknown}
 g - 2 scrolls of identify {unknown}
 j - a scroll of noise {unknown}
 l - a scroll of silence {unknown}
 m - 2 scrolls of teleportation {unknown}
 n - 2 scrolls of fear {unknown}
 o - a scroll of vulnerability {unknown}
 s - a scroll of brand weapon {unknown}
 y - a scroll of blinking {unknown}
Potions
 f - a potion of heal wounds {unknown}
 i - 3 potions of attraction {unknown}
 k - 2 potions of curing {unknown}
 p - a potion of magic {unknown}
 q - a potion of resistance {unknown}
 u - 2 potions of berserk rage {unknown}
 w - a potion of cancellation {unknown}
 z - 2 potions of ambrosia {unknown}


   Skills:
 + Level 3.7 Fighting
 - Level 1.5 Short Blades
 + Level 4.0 Throwing
 - Level 0.7 Dodging
 - Level 2.1 Stealth
 + Level 2.7 Unarmed Combat
 + Level 3.4 Shapeshifting


You had 6 spell levels left.
You didn't know any spells.
Your spell library contained the following spells:

 Spells                   Type           Power      Damage    Failure   Level
 Call Canine Familiar     Summ           0%         N/A       80%         3
 Sigil of Binding         Hex            0%         N/A       80%         3
 Dimensional Bullseye     Hex/Tloc       0%         N/A       99%         4
 Leda's Liquefaction      Hex/Erth       0%         N/A       99%         4


Dungeon Overview and Level Annotations

Branches:
Dungeon (4/15)
 Temple: D:4-7

Altars:
Ashenzari
Cheibriados
Hepliaklqana
Makhleb
Okawaru
Vehumet

Annotations:
D:4 GreedOfGod's ghost, amateur DsFi


Innate Abilities, Weirdness & Mutations

You are a hulking beast.
Your limbs bulge with bestial killing power. (Slay +1)
You are too large for most types of armour.
You have claws for hands.
Your natural rate of healing is unusually fast.
You are covered in fur. (AC +1)
You have tough skin. (AC +1)


Message History

You are too injured to fight recklessly!
You are too injured to fight recklessly!
You completely miss GreedOfGod's ghost.
GreedOfGod's ghost is lightly damaged.
GreedOfGod's ghost hits you.
You hit GreedOfGod's ghost.
GreedOfGod's ghost is lightly damaged.
GreedOfGod's ghost hits you!
* * * LOW HITPOINT WARNING * * *
You hit GreedOfGod's ghost but do no damage.
GreedOfGod's ghost is lightly damaged.
GreedOfGod's ghost hits you.
* * * LOW HITPOINT WARNING * * *
You hit GreedOfGod's ghost but do no damage.
GreedOfGod's ghost is lightly damaged.
GreedOfGod's ghost closely misses you.
You hit GreedOfGod's ghost but do no damage.
GreedOfGod's ghost is lightly damaged.
GreedOfGod's ghost barely misses you.
You hit GreedOfGod's ghost but do no damage.
Your claw misses GreedOfGod's ghost.
GreedOfGod's ghost is lightly damaged.
GreedOfGod's ghost whispers, "Death is liberation."
GreedOfGod's ghost closely misses you.
You hit GreedOfGod's ghost.
GreedOfGod's ghost is lightly damaged.
GreedOfGod's ghost barely misses you.
You barely miss GreedOfGod's ghost.
GreedOfGod's ghost is lightly damaged.
GreedOfGod's ghost hits you!
* * * LOW HITPOINT WARNING * * *
You hit GreedOfGod's ghost.
GreedOfGod's ghost is moderately damaged.
GreedOfGod's ghost hits you!
* * * LOW HITPOINT WARNING * * *
Unknown command.
GreedOfGod's ghost says, "You must not succeed where I failed!"
GreedOfGod's ghost attacks as it pursues you!
GreedOfGod's ghost hits you!
You die...

.##...##.###.####### #.
.##...##.# #.# ##### #.
.##..###.###.######...# #.
.##.......>..##.|.#...#######
#.
.##.####.######.~.#.........#
#.
.........######.~.#...#####.#
## ####..........#.~.#....#
#.# # # #.###.####.#.W.#.##.#
#.# # ####.###.# #.##h##.##.#
#.# # ......##.# #.....#.##.#
#.# # #####....#
#.....#.##.## #.# #
#..#.####..#.#......###.# #
#####..#.....)......>.......#
#
.......######.#.##......#####
# ######.# #.#.###.##.## #
#.# #.#.# #....# # #.#
#.#.######.#### #


You could see GreedOfGod's ghost.

Vanquished Creatures
  Sigmund (D:3)
  Eustachio (D:4)
  A crimson imp (D:3)
  2 orc priests (D:4)
  A sleepcap (D:4)
  An iguana (D:4)
  Robin (D:4)
  6 adders
  A worm (D:4)
  3 dart slugs
  2 orcs (D:4)
  2 ball pythons (D:1)
  8 endoplasms
  2 giant cockroaches (D:1)
  15 goblins
  7 hobgoblins
  7 jackals
  A quokka (D:3)
  5 bats
  4 frilled lizards (D:2)
  6 kobolds
  4 rats
81 creatures vanquished.

Notes
Turn   | Place    | Note
-------+----------+-------------------------------------------
     0 | D:1      | Descartes the Troll Brigand began the quest for the Orb.
     0 | D:1      | Reached XP level 1. HP: 19/19 MP: 0/0
    46 | D:1      | Reached skill level 2 in Throwing
   104 | D:1      | Reached XP level 2. HP: 28/28 MP: 1/1
   184 | D:1      | Reached skill level 1 in Shapeshifting
   523 | D:2      | Reached XP level 3. HP: 35/35 MP: 2/2
   828 | D:2      | Reached XP level 4. HP: 44/44 MP: 3/3
  1439 | D:3      | Found a snail-covered altar of Cheibriados.
  1498 | D:3      | Found a burning altar of Makhleb.
  1498 | D:3      | Found a radiant altar of Vehumet.
  1835 | D:3      | Noticed Sigmund
  1882 | D:3      | HP: 2/44 [something/puff of flame (8)]
  2017 | D:3      | Reached skill level 3 in Throwing
  2164 | D:3      | Found an iron altar of Okawaru.
  2296 | D:3      | Found a faded altar of an unknown god.
  2393 | D:3      | Killed Sigmund
  2394 | D:3      | Reached skill level 1 in Unarmed Combat
  2394 | D:3      | Reached XP level 5. HP: 7/53 MP: 4/4
  2394 | D:3      | Reached XP level 6. HP: 8/61 MP: 5/5
  2564 | D:4      | Found a hazy altar of Hepliaklqana.
  2691 | D:4      | Found a broken altar of Ashenzari.
  2699 | D:4      | Noticed Robin
  2739 | D:4      | Found a runed translucent door.
  2836 | D:4      | Noticed Eustachio
  2849 | D:4      | Killed Eustachio
  2850 | D:4      | Reached XP level 7. HP: 68/68 MP: 6/6
  2968 | D:4      | Reached skill level 4 in Throwing
  3268 | D:4      | Killed Robin
  3387 | D:4      | Noticed GreedOfGod's ghost (amateur DsFi)
  3412 | D:4      | HP: 1/68 [GreedOfGod's ghost (9)]
  3413 | D:4      | Mangled by GreedOfGod's ghost

Illustrated notes

Levels and vault maps discovered:
D:1:      lightli_arrival_statue_moat, layout_rooms, minmay_pentomino_r4
D:2:      layout_loops_corners
D:3:      layout_loops_ring, grunt_temple_overflow_lords_of_destruction,
          mainiacjoe_overflow_concentric_impassable, okawaru_gym_becter,
          dreamdust_ecumenical_altar_hidden_monk_grotto, uniq_sigmund
D:4:      layout_loops_ring, mainiacjoe_overflow_alcove_4,
          nicolae_ashenzari_panopticon, ebering_ghost_reflecting_pool,
          uniq_robin, uniq_eustachio

Skill      XL: |  1  2  3  4  5  6  7 |
---------------+----------------------+-----
Throwing       | 2 3 4 |  4.0
Fighting       | 2 3 |  3.7
Shapeshifting  | 1 2 3 |  3.4
Unarmed Combat | 1 2 |  2.7
Short Blades   | |  1.5
Dodging        | |  0.7
Stealth        | |  2.1

Action                     |  1- 3 |  4- 6 |  7- 9 || total
---------------------------+-------+-------+-------++-------
  Melee: Dagger            |   107 |   241 |    64 ||   412
         Punch             |       |     1 |       ||     1
   Stab: Sleeping          |     3 |     7 |     1 ||    11
 Armour: Robe              |    76 |   185 |    48 ||   309
  Dodge: Dodged            |    54 |    69 |    27 ||   150
   Form: Beast             |       |     1 |     1 ||     2
                           |       |       |     1 ||     1

Table legend: (Time is in decaauts)
 A = Elapsed time spent in this place.
 B = Non-inter-level travel time spent in this place.
 C = Inter-level travel time spent in this place.
 D = Time resting spent in this place.
 E = Time spent auto-exploring this place.
 F = Levels seen in this place.
 G = Mean time per level.
                   A        B        C        D        E       F      G
               +--------+--------+--------+--------+--------+-----+--------+
         Total |   3380 |   3281 |     99 |      0 |   2550 |   4 |  845.0 |
       Dungeon |   3380 |   3281 |     99 |      0 |   2550 |   4 |  845.0 |
               +--------+--------+--------+--------+--------+-----+--------+

Top non-repeatable levels by time:
     D:3: 967 daAuts
     D:4: 953 daAuts
     D:2: 950 daAuts
     D:1: 509 daAuts
